 Dungeon Crawl Stone Soup version 0.28-a0-1389-gc726bef33b (webtiles) character file.

Game seed: 15053599900992885184

93 Grim the Skirmisher (level 4, -2/50 HPs)
             Began as an Ogre Berserker on Jan 3, 2022.
             Was a Believer of Trog.
             Killed from afar by Natasha (8 damage)
             ... with a magic dart
             ... on level 2 of the Dungeon.
             The game lasted 00:01:57 (2079 turns).

Grim the Skirmisher (Ogre Berserker)                Turns: 2079, Time: 00:01:57

Health: -2/50      AC:  3    Str: 21    XL:     4   Next: 62%
Magic:  4/4        EV: 10    Int: 10    God:    Trog [**....]
Gold:   80         SH:  0    Dex:  8    Spells: 3/3 levels left

rFire   . . .      SeeInvis .   a - +0 mace
rCold   . . .      Faith    .   (no shield)
rNeg    . . .      Spirit   .   b - +0 animal skin
rPois   .          Reflect  .   (helmet restricted)
rElec   .          Harm     .   (no cloak)
rCorr   .          Rampage  .   (gloves unavailable)
Will    .....                   (boots unavailable)
Stlth   +.........              (no amulet)
HPRegen 0.16/turn               (no ring)
MPRegen 0.09/turn               (no ring)

@: on berserk cooldown, slowed, very slow
A: large, unfitting armour, tough skin 1
a: Renounce Religion, Berserk, Trog's Hand


You were on level 2 of the Dungeon.
You worshipped Trog.
Trog was pleased with you.
You visited 1 branch of the dungeon, and saw 2 of its levels.

You collected 80 gold pieces.

Inventory:

Hand Weapons
 a - a +0 mace (weapon)
Armour
 b - a +0 animal skin (worn)
Jewellery
 e - an amulet of faith
Scrolls
 c - a scroll of identify {unknown}
 d - a scroll of teleportation {unknown}
 h - 3 scrolls of enchant weapon {unknown}
Potions
 f - a potion of attraction {unknown}
 g - a potion of brilliance {unknown}


   Skills:
 + Level 5.1 Fighting
 * Level 4.2 Maces & Flails
 - Level 2.6 Dodging


You had 3 spell levels left.
You didn't know any spells.
Your spell library was empty.

Dungeon Overview and Level Annotations

Branches:
Dungeon (2/15)

Altars:

Annotations:
D:2 Natasha


Innate Abilities, Weirdness & Mutations

You are too large for most types of armour.
You have tough skin. (AC +1)


Message History

The white imp freezes you.
* * * LOW HITPOINT WARNING * * *
You closely miss Natasha.
Natasha is lightly wounded.
Natasha casts a spell at you. The magic dart hits you.
* * * LOW HITPOINT WARNING * * *
The white imp gestures at you. The puff of frost hits you!
* * * LOW HITPOINT WARNING * * *
You sock Natasha!
You feel the power of Trog in you as your rage grows.
You kill Natasha!
Trog accepts your kill.
Trog appreciates your killing of a magic user.
Natasha yowls pathetically as she dies!
The white imp disappears in a puff of smoke!
The crimson imp disappears in a puff of smoke!
Your Fighting skill increases to level 5!
There is an open door, spattered with blood here.
You start resting.
You feel a strong urge to attack something.
You start resting.
You feel your anger nearly subside.
You start resting.
You are no longer berserk.
You are exhausted.
You feel as though you will be slow longer.
You start resting.
Natasha, Servant of Life and Death comes into view.
Natasha is nearby!
Natasha mumbles some strange words.
Natasha casts a spell.
Natasha howls an incantation.
Natasha glows brightly for a moment.
Natasha claws you.
* * * LOW HITPOINT WARNING * * *
Natasha stares at you and mumbles some strange words.
The magic dart hits you!
You die...

#.................#.#...
####'#........###.#.#...
#.5....h..........#.....
#.##.#...5....#######.#.
######.##..........+...†.....
#....h.####.......)###.#.#.#.
#.....†..............#.#.#.#.
##.....##############.#.#.....
#..........5h@......#.#.......
#.....................#..#....
#.#####.###########.##..##....
#[ #.# ......<.<...#..... #.#
#######..#.##..##. #.#
.......#..#### #.#
#####...#..#### ..#
#.#.##..##. #....#.....


You could see Natasha and a crimson imp (summoned).

Vanquished Creatures
  Natasha (twice) (D:2)
  An adder (D:2)
  A worm (D:2)
  A dart slug (D:2)
  3 ball pythons (D:1)
  2 bats (D:2)
  An endoplasm (D:1)
  A giant cockroach (D:1)
  2 goblins
  2 hobgoblins
  4 frilled lizards (D:1)
  8 kobolds
  6 rats
34 creatures vanquished.

Notes
Turn   | Place    | Note
-------+----------+-------------------------------------------
     0 | D:1      | Grim the Ogre Berserker began the quest for the Orb.
     0 | D:1      | Reached XP level 1. HP: 24/24 MP: 1/1
   304 | D:1      | Reached XP level 2. HP: 29/32 MP: 2/2
   629 | D:1      | Found a faded altar of an unknown god.
  1304 | D:2      | Reached XP level 3. HP: 39/40 MP: 3/3
  1493 | D:2      | Reached ** piety under Trog
  1981 | D:2      | Noticed Natasha
  1992 | D:2      | Killed Natasha
  1993 | D:2      | Reached XP level 4. HP: 36/49 MP: 4/4
  2035 | D:2      | Noticed Natasha
  2051 | D:2      | Killed Natasha
  2052 | D:2      | Reached skill level 5 in Fighting
  2065 | D:2      | Noticed Natasha
  2079 | D:2      | Killed from afar by Natasha

Illustrated notes

Levels and vault maps discovered:
D:1:      minmay_arrival_doors, layout_basic, basic_ecumenical_altar,
          minivault_24
D:2:      layout_basic, minmay_misc_feat_iff, uniq_natasha

Skill      XL: |  1  2  3  4 |
---------------+-------------+-----
Maces & Flails | 3 4 |  4.2
Fighting       | 5 |  5.1
Dodging        | |  2.6

Action                   |  1- 3 |  4- 6 || total
-------------------------+-------+-------++-------
Melee: Mace              |    95 |     4 ||    99
Invok: Berserk           |     2 |     1 ||     3
Armor: Animal skin       |    20 |     1 ||    21
Dodge: Dodged            |    56 |     2 ||    58

Table legend: (Time is in decaauts)
 A = Elapsed time spent in this place.
 B = Non-inter-level travel time spent in this place.
 C = Inter-level travel time spent in this place.
 D = Time resting spent in this place.
 E = Time spent auto-exploring this place.
 F = Levels seen in this place.
 G = Mean time per level.
                   A        B        C        D        E       F      G
               +--------+--------+--------+--------+--------+-----+--------+
         Total |   2153 |   2118 |     35 |    397 |   1445 |   2 | 1076.5 |
       Dungeon |   2153 |   2118 |     35 |    397 |   1445 |   2 | 1076.5 |
               +--------+--------+--------+--------+--------+-----+--------+

Top non-repeatable levels by time:
     D:1: 1229 daAuts
     D:2: 923 daAuts
